 Dungeon Crawl Stone Soup version 0.16.1-18-g436b03c (webtiles) character file.

12289 Mellonil the Fighter (level 11, -1/85 HPs)
             Began as an Octopode Fighter on May 6, 2015.
             Was a Believer of Dithmenos.
             Slain by a seven-headed hydra (11 damage)
             ... summoned by a shadow trap
             ... triggered by the player character
             ... on level 2 of the Lair of Beasts on May 8, 2015.
             The game lasted 02:11:23 (18560 turns).

Mellonil the Fighter (Octopode Fighter)            Turns: 18560, Time: 02:11:23

Health: -1/85      AC:  1    Str: 25    XL:     11   Next: 91%
Magic:  20/20      EV: 12    Int: 12    God:    Dithmenos [**....]
Gold:   540        SH: 13    Dex: 14    Spells: 0 memorised, 10 levels left

rFire  + . .     SeeInvis .     a - +5 long sword
rCold  . . .     Clarity  .     c - +1 shield
rNeg   . . .     SustAb   +     (helmet restricted)
rPois  .         Gourm    .     (no amulet)
rElec  .         Spirit   .     p - +3 ring of dexterity
rCorr  .         Warding  .     v - ring of magical power
rMut   .         Stasis   .     G - ring of Thruenn {SustAb rF+ Int+2}
MR     .....                    (no ring)
Stlth  +++.......               (no ring)
                                (no ring)
                                (no ring)
                                (no ring)

@: mighty, about to teleport, wreathed by umbra, not resistant to hostile
enchantments, fairly stealthy
A: almost no armour, amphibious, 8 rings, constrict 8, camouflage 1, gelatinous
body 1
a: Shadow Step, Renounce Religion


You were on level 2 of the Lair of Beasts.
You worshipped Dithmenos.
Dithmenos was pleased with you.
You were not hungry.

You visited 3 branches of the dungeon, and saw 13 of its levels.
You also visited: Sewer.

You collected 754 gold pieces.
You spent 214 gold pieces at shops.

Inventory:

Hand weapons
 a - a +5 long sword (weapon)
 l - a +2 dagger
 w - a +0 blowgun
Missiles
 g - 23 stones (quivered)
 x - 25 poisoned needles
 I - 3 curare-tipped needles
Armour
 c - a +1 shield (worn)
Jewellery
 o - an uncursed ring of ice
 p - a +3 ring of dexterity (left tentacle)
 v - a ring of magical power (right tentacle)
 G - the ring of Thruenn (on tentacle) {SustAb rF+ Int+2}
   (You found it on level 2 of the Lair of Beasts)

   [ring of sustain abilities]

   It sustains your strength, intelligence and dexterity.
   It affects your intelligence (+2).
   It protects you from fire.
 J - an uncursed ring of magical power
Magical devices
 k - a wand of magic darts (11)
 r - a wand of disintegration (8)
 E - a wand of frost (0)
Scrolls
 e - 3 scrolls of fog
 t - 5 scrolls of remove curse
 y - 3 scrolls of amnesia
 z - a scroll of magic mapping
 H - 3 scrolls of teleportation
Potions
 i - 2 potions of resistance
 s - 3 potions of curing
 u - 3 potions of brilliance
 A - 2 potions of restore abilities
 D - 2 potions of heal wounds
Books
 m - a book of Clouds

   Spells                             Type                      Level
   a - Mephitic Cloud                 Conjuration/Poison/Air       3
   b - Conjure Flame                  Conjuration/Fire             3
   c - Poisonous Cloud                Conjuration/Poison/Air       6
   d - Freezing Cloud                 Conjuration/Ice/Air          6
   e - Ring of Flames                 Charms/Fire                  7
 n - a book of the Sky

   Spells                             Type                      Level
   a - Flight                         Charms/Air                   3
   b - Airstrike                      Air                          4
   c - Silence                        Hexes/Air                    5
   d - Deflect Missiles               Charms/Air                   6
   e - Conjure Ball Lightning         Conjuration/Air              6
   f - Tornado                        Air                          9
 q - a book of Debilitation

   Spells                             Type                      Level
   a - Corona                         Hexes                        1
   b - Slow                           Hexes                        2
   c - Inner Flame                    Hexes/Fire                   3
   d - Enslavement                    Hexes                        4
   e - Cause Fear                     Hexes                        4
   f - Leda's Liquefaction            Hexes/Earth                  4
Comestibles
 d - 10 bread rations
 f - 9 royal jellies
 h - 7 beef jerkies
 j - 5 meat rations
 B - a chunk of flesh
 C - 20 fruits


   Skills:
 * Level 12.1 Fighting
 * Level 11.8 Long Blades
 - Level 3.0 Dodging
 + Level 9.0 Shields


You had 10 spell levels left.
You didn't know any spells.

Dungeon Overview and Level Annotations

Branches:
Dungeon (10/15)            Temple (1/1) D:7            Lair (2/8) D:8
    Orc (0/4) D:9

Altars:
Ashenzari
Cheibriados
Dithmenos
Elyvilon
Fedhas
Gozag
Kikubaaqudgha
Makhleb
Nemelex Xobeh
Okawaru
Qazlal
Ru
Sif Muna
Trog
Vehumet
Xom
Yredelemnul
Zin
The Shining One

Shops:
D:9 (   D:10 (!

Annotations:
D:4 exclusion: phantom


Innate Abilities, Weirdness & Mutations

You cannot wear most types of armour.
You are amphibious.
You can wear up to eight rings at the same time.
You can use your tentacles to constrict many enemies at once.
Your skin changes colour to match your surroundings (Stealth).
Your rubbery body absorbs attacks (AC +1).


Message History

* * * LOW HITPOINT WARNING * * *
The seven-headed hydra barely misses you.
You block the seven-headed hydra's attack.
The seven-headed hydra bites you!
* * * LOW HITPOINT WARNING * * *
You block the seven-headed hydra's attack.
The seven-headed hydra bites you.
* * * LOW HITPOINT WARNING * * *
Drink which item? (? for menu, Esc to quit)
You feel much better. You block the yak's attack.
You block the river rat's attack. The seven-headed hydra bites you!
* * * LOW HITPOINT WARNING * * *
The seven-headed hydra bites you.
* * * LOW HITPOINT WARNING * * *
The seven-headed hydra closely misses you.
You block the seven-headed hydra's attack.
The seven-headed hydra bites you!
* * * LOW HITPOINT WARNING * * *
The seven-headed hydra bites you!
You die...

#
####.##..#...#####
#...## #######.#.#
##.... ### #....#
#..
###.#######....# .
...##..........#
##.##.###.#...##
....#.P##....P#####
........##.....##r#
P#...........#Y#@##
###........##.YY#D#
.#.#P......###Yl###
...........<....#
..#.#...#.####..#
........## #.F#
..##P#... .... ..#
..... .#...#


You could see a seven-headed hydra, a komodo dragon, 3 yaks, a giant frog
(wandering) and a river rat.

Vanquished Creatures
  The ghost of noize the Frost Mage, a powerful VSIE of Vehumet (D:10)
  Pikel (D:5)
  A hill giant (D:10)
  An ugly thing (D:10)
  2 spiny frogs (Lair:1)
  Joseph (Lair:1)
  A black mamba (Lair:1)
  4 blink frogs (Lair:2)
  The ghost of noize the Skirmisher, an average VSFi (D:5)
  A basilisk (Lair:1)
  A wraith (D:10)
  Eustachio (D:6)
  A deep elf mage (D:9)
  5 yaks
  2 hippogriffs (D:10)
  A soldier ant (D:9)
  A warg (D:9)
  Edmund (D:6)
  4 slaves (D:5)
  A porcupine (Lair:1)
  3 orc warriors
  A wasp (D:9)
  3 black bears
  2 phantoms
  3 water moccasins
  3 sky beasts
  6 ice beasts
  4 ogres
  2 crocodiles (Lair:1)
  6 centaurs
  8 giant frogs
  A big kobold (D:10)
  Blork the orc (D:6)
  7 scorpions
  9 wights
  2 quasits
  2 giant frog zombies
  A hound (D:7)
  A centaur zombie (D:9)
  2 giant frog skeletons
  5 goliath beetles
  4 crimson imps
  9 orc wizards
  Crazy Yiuf (D:7)
  A centaur skeleton (D:10)
  3 jellies
  6 orc priests
  9 worker ants
  Natasha (thrice) (D:5)
  7 iguanas
  Ijyb (D:2)
  A worker ant zombie (D:9)
  A gnoll (D:8)
  19 river rats
  14 adders
  5 giant mites
  A shadow imp (D:5)
  4 worms
  An adder zombie (D:5)
  An adder skeleton (D:4)
  3 oozes
  40 orcs
  2 bat skeletons
  A bat zombie (D:5)
  7 giant cockroaches
  11 goblins
  16 hobgoblins
  19 jackals
  7 quokkas
  2 ball pythons
  8 bats
  7 giant geckos
  7 giant newts
  A jackal skeleton (D:6)
  A jackal zombie (D:5)
  22 kobolds
  32 rats
381 creatures vanquished.

Notes
Turn   | Place    | Note
--------------------------------------------------------------
     0 | D:1      | Mellonil, the Octopode Fighter, began the quest for the Orb.
     0 | D:1      | Reached XP level 1. HP: 16/16 MP: 1/1
   261 | D:1      | Reached XP level 2. HP: 21/21 MP: 2/2
   988 | D:1      | Reached XP level 3. HP: 26/26 MP: 3/3
  1537 | D:2      | Noticed Ijyb
  1546 | D:2      | Reached skill level 4 in Fighting
  1546 | D:2      | Reached XP level 4. HP: 18/33 MP: 4/4
  2454 | D:2      | Reached XP level 5. HP: 21/38 MP: 5/5
  3228 | D:2      | Killed Ijyb
  3806 | D:3      | Reached XP level 6. HP: 41/45 MP: 6/6
  4069 | D:3      | Found an ancient bone altar of Kikubaaqudgha.
  4178 | D:4      | Reached skill level 5 in Fighting
  5221 | D:4      | Reached XP level 7. HP: 38/50 MP: 7/7
  5414 | D:4      | Reached skill level 5 in Long Blades
  5699 | D:5      | Entered Level 5 of the Dungeon
  5831 | D:5      | Reached skill level 6 in Fighting
  5956 | D:5      | Noticed Natasha
  5961 | D:5      | Killed Natasha
  6122 | D:5      | Noticed noize's ghost (average VSFi)
  6307 | D:5      | Reached XP level 8. HP: 58/58 MP: 8/8
  6346 | D:5      | Found a radiant altar of Vehumet.
  6376 | D:5      | Noticed Natasha
  6378 | D:5      | Killed Natasha
  6668 | D:6      | Reached skill level 5 in Shields
  6687 | D:6      | Noticed Edmund
  6696 | D:6      | Killed Edmund
  7056 | D:6      | Reached skill level 7 in Fighting
  7183 | D:6      | Found a glowing drain.
  7191 | Sewer    | Entered a sewer
  7216 | Sewer    | Noticed Purgy
  7428 | D:6      | HP: 1/60 [ogre/giant club (30)]
  8301 | D:5      | Noticed Pikel
  8311 | D:5      | Killed Pikel
  8311 | D:5      | Reached skill level 8 in Fighting
  8311 | D:5      | Reached XP level 9. HP: 21/66 MP: 9/9
  8688 | D:6      | Noticed Blork the orc
  8726 | D:6      | Killed Blork the orc
  8809 | D:5      | Noticed Natasha
  8939 | D:5      | Killed noize's ghost
  8942 | D:5      | Killed Natasha
  9180 | D:6      | Found a sacrificial altar of Ru.
  9290 | D:6      | Noticed Eustachio
  9297 | D:6      | Killed Eustachio
 10110 | D:7      | Found a staircase to the Ecumenical Temple.
 10119 | Temple   | Entered the Ecumenical Temple
 10336 | D:7      | Reached skill level 9 in Fighting
 10630 | D:7      | Found a stormy altar of Qazlal.
 10656 | D:7      | Found a bloodstained altar of Trog.
 10879 | D:7      | Noticed Crazy Yiuf
 10884 | D:7      | Killed Crazy Yiuf
 11097 | D:8      | Found a staircase to the Lair.
 11113 | D:8      | Reached XP level 10. HP: 68/74 MP: 10/10
 12552 | D:9      | Reached skill level 10 in Fighting
 12813 | D:9      | Found a staircase to the Orcish Mines.
 13614 | D:9      | Found a snail-covered altar of Cheibriados.
 13614 | D:9      | Found a burning altar of Makhleb.
 13616 | D:9      | Found a shadowy altar of Dithmenos.
 13619 | D:9      | Became a worshipper of Dithmenos the Shadowed
 13624 | D:9      | Found a sacrificial altar of Ru.
 13816 | D:8      | Reached skill level 10 in Long Blades
 14400 | D:9      | Found an iron altar of Okawaru.
 14665 | D:9      | Found Otef's Weapon Shoppe.
 15082 | D:10     | Entered Level 10 of the Dungeon
 15082 | D:10     | Found Ryarioll's Antique Weapon Emporium.
 15185 | D:10     | Bought a blowgun for 70 gold pieces
 15210 | D:10     | Reached XP level 11. HP: 58/82 MP: 11/11
 15349 | D:10     | Reached skill level 11 in Fighting
 15378 | D:10     | Found Vuoklurch's Distillery.
 15379 | D:10     | Noticed noize's ghost (powerful VSIE)
 15441 | D:10     | Bought a potion of curing for 36 gold pieces
 15441 | D:10     | Bought a potion of heal wounds for 60 gold pieces
 15441 | D:10     | Bought a potion of might for 48 gold pieces
 15488 | D:10     | Noticed a hill giant
 15491 | D:10     | Noticed a cyan ugly thing
 15495 | D:10     | Killed a hill giant
 15502 | D:10     | Killed a cyan ugly thing
 15659 | D:10     | Noticed a hill giant
 15706 | D:10     | Killed noize's ghost
 16212 | Lair:1   | Entered Level 1 of the Lair of Beasts
 16267 | D:8      | Acquired Dithmenos' first power
 17634 | Lair:1   | Noticed Joseph
 17660 | Lair:1   | Killed Joseph
 18059 | Lair:2   | Got a shimmering steel ring
 18060 | Lair:2   | Identified the ring of Thruenn {SustAb rF+ Int+2} (You found it on level 2 of the Lair of Beasts)
 18133 | Lair:2   | Reached skill level 12 in Fighting
 18555 | Lair:2   | Noticed a seven-headed hydra
 18560 | Lair:2   | Slain by a seven-headed hydra

Action                   |  1- 3 |  4- 6 |  7- 9 | 10-12 || total
-------------------------+-------+-------+-------+-------++-------
Melee: Long sword        |    54 |   149 |   292 |   420 ||   915
       Dagger            |       |     3 |       |       ||     3
 Fire: Blowgun           |       |       |       |     7 ||     7
Throw: Stone             |       |    20 |     2 |     8 ||    30
Evoke: Wand              |       |       |     9 |    24 ||    33
  Use: Scroll            |       |    12 |    14 |    17 ||    43
       Potion            |       |     1 |     1 |     7 ||     9
 Stab: Sleeping          |     1 |     6 |    10 |     7 ||    24
       Distracted        |       |     1 |     2 |     4 ||     7
       Fleeing           |       |       |       |     1 ||     1
  Eat: Chunk             |     2 |    11 |    13 |    14 ||    40
       Fruit             |       |       |     1 |     3 ||     4
       Beef jerky        |       |       |     1 |     2 ||     3
       Pizza             |       |       |     1 |     3 ||     4
       Royal jelly       |       |       |     1 |       ||     1
